 Dungeon Crawl Stone Soup version 0.30-a0-339-g89bb51ec76 (webtiles) character file.

Game seed: 14132693841644105948

518 ragingrage the Sneak (level 7, 0/56 HPs)
             Began as an Armataur Brigand on Oct 31, 2022.
             Was a Believer of Wu Jian.
             Slain by a gnoll
             ... wielding a +0 whip
             ... led by a gnoll bouda
              (8 damage)
             ... on level 4 of the Dungeon.
             The game lasted 00:02:44 (3117 turns).

ragingrage the Sneak (Armataur Brigand)             Turns: 3117, Time: 00:02:45

Health: 0/56       AC:  5    Str: 16    XL:     7   Next: 1%
Magic:  7/7        EV:  9    Int: 11    God:    Wu Jian [**....]
Gold:   152        SH:  0    Dex: 14    Spells: 6/6 levels left

rFire   . . .      SeeInvis .    i - +1 short sword (venom)
rCold   . . .      Faith    .    (no shield)
rNeg    . . .      Spirit   .    b - +0 robe
rPois   .          Reflect  .    (no helmet)
rElec   .          Harm     .    c - +0 cloak
rCorr   .          Roll     +    (no gloves)
Will    .....                    (no barding)
Stlth   ++++......               (no amulet)
HPRegen 0.29/turn                (no ring)
MPRegen 0.10/turn                (no ring)

@: no status effects
A: large, rugged brown scales 3, deformed body, armoured tail, roll, long
tongue, awkward tongue
a: Renounce Religion, Wall Jump


You were on level 4 of the Dungeon.
You worshipped Wu Jian.
Wu Jian was pleased with you.
You visited 1 branch of the dungeon, and saw 4 of its levels.

You collected 152 gold pieces.

Inventory:

Hand Weapons
 a - a +2 dagger
 i - a +1 short sword of venom (weapon)
Missiles
 d - 9 poisoned darts (quivered)
 e - 3 curare-tipped darts
 h - 9 javelins
 m - 2 throwing nets
Armour
 b - a +0 robe (worn)
 c - a +0 cloak (worn)
Scrolls
 g - a scroll of poison {unknown}
 k - 3 scrolls of identify
 l - a scroll of fear {unknown}
 q - 3 scrolls of enchant armour {unknown}
 r - a scroll of blinking {unknown}
 s - a scroll of silence {unknown}
 t - a scroll of noise {unknown}
 v - a scroll of amnesia
Potions
 f - 2 potions of curing
 j - a potion of attraction {unknown}
 n - 2 potions of brilliance {unknown}
 o - a potion of resistance {unknown}
 p - a potion of berserk rage {unknown}
 u - a potion of lignification {unknown}


   Skills:
 - Level 1.8 Fighting
 + Level 5.0 Short Blades
 - Level 1.8 Throwing
 - Level 0.6 Dodging
 + Level 7.6 Stealth


You had 6 spell levels left.
You didn't know any spells.
Your spell library contained the following spells:

 Spells                   Type           Power      Damage    Failure   Level
 Sandblast                Erth           0%         2d4       34%         1
 Shock                    Conj/Air       0%         1d3       34%         1
 Passwall                 Tmut/Erth      0%         N/A       47%         2
 Stone Arrow              Conj/Erth      0%         3d7       71%         3
 Swiftness                Air            0%         N/A       71%         3
 Airstrike                Air            0%         2d(0-16)  98%         4


Dungeon Overview and Level Annotations

Branches:
Dungeon (4/15)
 Temple: D:4-7

Altars:
Dithmenos
Ru
Vehumet
Wu Jian
Yredelemnul


Innate Abilities, Weirdness & Mutations

You are completely covered in rugged brown scales. (AC +3, +7% HP)
Armour fits poorly on your strangely shaped body.
You have a long armoured tail.
You roll when moving toward enemies. (Rampage)
Your long tongue fully drains potion bottles. (2x potion effects)
Your tongue gives you trouble enunciating. (1.5x scroll delay)


Message History

The gnoll bouda is almost dead.
The gnoll bouda barks out a call to the hunt!
The gnolls pick up the pace!
You hit the gnoll bouda.
You kill the gnoll bouda!
The Council accepts your kill. The gnoll hits you but does no damage.
Your Short Blades skill increases to level 5!
You hit the gnoll but do no damage.
The gnoll is poisoned.
The gnoll hits you with a +0 flail. The gnoll hits you with a +0 club.
The gnoll closely misses you.
You hit the gnoll.
The gnoll looks even sicker.
The gnoll is moderately wounded.
The gnoll barely misses you. The gnoll closely misses you.
You hit the gnoll.
The gnoll looks as sick as possible!
The gnoll is heavily wounded.
The gnoll hits you with a +0 club. x2
You hit the gnoll.
The gnoll looks as sick as possible!
You tail-slap the gnoll.
You kill the gnoll!
The Council accepts your kill.
The gnoll hits you from afar with a +0 halberd!
The gnoll hits you with a +0 club. x2
You have reached level 7!
You spin and attack the gnoll.
You hit the gnoll.
The gnoll is poisoned.
The gnoll is moderately wounded.
The gnoll hits you with a +0 club.
The gnoll hits you from afar with a +0 halberd.
The gnoll attacks as you move away! The gnoll barely misses you.
The gnoll closely misses you. The gnoll attacks as you move away!
The gnoll hits you with a +0 club. The gnoll attacks as you move away!
The gnoll hits you with a +0 whip.
* * * LOW HITPOINT WARNING * * *
The gnoll hits you with a +0 club.
* * * LOW HITPOINT WARNING * * *
There is a stone staircase leading up here.
The gnoll hits you from afar with a +0 halberd!
* * * LOW HITPOINT WARNING * * *
The gnoll hits you with a +0 whip!
You die...

#..# ##..:.# #..#
#....# #..# #....#
##..# #....# ##..#
#+#....#
##.)##..#....#
.+......+..))########
##......#.....gg...?#
##......#......g@...#
........#......g....#
........#.....(.....#
........#...........#
........#...........#
........#....########
##......#....#
##......#....#
#.......#....#


You could see 4 gnolls.

Vanquished Creatures
  Sigmund (D:3)
  An ogre (D:4)
  Terence (D:3)
  A gnoll bouda (D:4)
  An iguana (D:4)
  4 adders
  8 gnolls (D:4)
  5 worms
  5 orcs
  5 endoplasms
  4 goblins
  9 hobgoblins
  4 jackals (D:1)
  7 kobolds
  4 quokkas
  4 ball pythons
  4 bats
  4 frilled lizards
  8 rats
80 creatures vanquished.

Notes
Turn   | Place    | Note
-------+----------+-------------------------------------------
     0 | D:1      | ragingrage the Armataur Brigand began the quest for the
                  | Orb.
     0 | D:1      | Reached XP level 1. HP: 18/18 MP: 1/1
   228 | D:1      | Reached XP level 2. HP: 25/25 MP: 2/2
   636 | D:2      | Reached skill level 5 in Stealth
   636 | D:2      | Reached XP level 3. HP: 31/31 MP: 3/3
   839 | D:2      | Found a faded altar of an unknown god.
  1018 | D:2      | Prayed at the altar of an unknown god.
  1018 | D:2      | Became a worshipper of the Wu Jian Council
  1018 | D:2      | Reached * piety under Wu Jian
  1701 | D:3      | Noticed Sigmund
  1713 | D:3      | Killed Sigmund
  1714 | D:3      | Reached skill level 6 in Stealth
  1714 | D:3      | Reached XP level 4. HP: 34/38 MP: 4/4
  1714 | D:3      | Reached XP level 5. HP: 39/43 MP: 5/5
  1989 | D:3      | Reached ** piety under Wu Jian
  2009 | D:3      | Noticed Terence
  2019 | D:3      | Killed Terence
  2020 | D:3      | Reached XP level 6. HP: 27/51 MP: 6/6
  2235 | D:3      | Found a basalt altar of Yredelemnul.
  2498 | D:4      | Found a radiant altar of Vehumet.
  2634 | D:4      | Found a shadowy altar of Dithmenos.
  2640 | D:4      | Reached skill level 7 in Stealth
  3050 | D:4      | Found a sacrificial altar of Ru.
  3109 | D:4      | Reached skill level 5 in Short Blades
  3113 | D:4      | Reached XP level 7. HP: 26/56 MP: 7/7
  3117 | D:4      | Slain by a gnoll

Illustrated notes

Levels and vault maps discovered:
D:1:      shiori_shiawase, layout_basic
D:2:      layout_loops_ring, shapermc_ecumenical_altar_notcrosses
D:3:      layout_basic, lemuel_tele_altar, minmay_pentangle, uniq_terence,
          uniq_sigmund
D:4:      layout_gridville, mainiacjoe_overflow_alcove_1,
          grunt_dithmenos_smoke_and_mirrors, overflow_temple_1_default,
          minmay_misc_feat_plants

Skill      XL: |  1  2  3  4  5  6 |
---------------+-------------------+-----
Short Blades   | 2 4 5 |  5.0
Stealth        | 5 6 7 |  7.6
Fighting       | |  1.8
Throwing       | |  1.8
Dodging        | |  0.6

Action                   |  1- 3 |  4- 6 |  7- 9 || total
-------------------------+-------+-------+-------++-------
Melee: Dagger            |    11 |       |       ||    11
       Tailslap          |     9 |    11 |       ||    20
       Short sword       |    80 |   101 |     1 ||   182
Throw: Dart              |     1 |       |       ||     1
Invok: Whirlwind         |       |     1 |     1 ||     2
  Use: Scroll            |     2 |       |       ||     2
 Stab: Sleeping          |    18 |    11 |       ||    29
       Distracted        |     1 |     1 |       ||     2
Armor: Robe              |    20 |     9 |       ||    29
Dodge: Dodged            |    22 |    46 |     2 ||    70

Table legend: (Time is in decaauts)
 A = Elapsed time spent in this place.
 B = Non-inter-level travel time spent in this place.
 C = Inter-level travel time spent in this place.
 D = Time resting spent in this place.
 E = Time spent auto-exploring this place.
 F = Levels seen in this place.
 G = Mean time per level.
                   A        B        C        D        E       F      G
               +--------+--------+--------+--------+--------+-----+--------+
         Total |   3083 |   2891 |    192 |    247 |   2143 |   4 |  770.8 |
       Dungeon |   3083 |   2891 |    192 |    247 |   2143 |   4 |  770.8 |
               +--------+--------+--------+--------+--------+-----+--------+

Top non-repeatable levels by time:
     D:3: 1193 daAuts
     D:2: 716 daAuts
     D:4: 636 daAuts
     D:1: 536 daAuts
